 Dungeon Crawl Stone Soup version 0.16-a0-3465-g53c7d0b (webtiles) character file.

464 BluebellGnoll the Magician (level 6, -7/32 HPs)
             Began as a Deep Elf Fire Elementalist on Jan 2, 2015.
             Mangled by Prince Ribbit (15 damage)
             ... on level 4 of the Dungeon.
             The game lasted 00:16:12 (3282 turns).

BluebellGnoll the Magician (DEFE)                   Turns: 3282, Time: 00:16:12

Health: -7/32      AC:  6    Str:  5    XL:     6   Next: 80%
Magic:  10/22      EV: 13    Int: 22    God:
Gold:   155        SH:  0    Dex: 15    Spells: 5 memorised, 4 levels left

rFire  + + .     SeeInvis .     n - +0 short sword
rCold  . . .     Clarity  .     s - +2 robe {rF+}
rNeg   . . .     SustAb   .     (no shield)
rPois  .         Gourm    .     (no helmet)
rElec  .         Spirit   .     i - +0 cloak
rCorr  .         Warding  .     t - +0 pair of gloves
rMut   .         Stasis   +     (no boots)
MR     .....                    h - amulet of stasis
Stlth  +++.......               y - ring of protection from fire (curse)
                                q - ring of wizardry

@: very slightly contaminated, not resistant to hostile enchantments, fairly
stealthy
A: no striking features
a: no special abilities


You were on level 4 of the Dungeon.
You were not hungry.

You visited 1 branch of the dungeon, and saw 4 of its levels.

You collected 155 gold pieces.

Inventory:

Hand weapons
 n - a +0 short sword (weapon)
Missiles
 g - 54 poisoned needles
 w - 3 tomahawks (quivered)
 z - 5 javelins
Armour
 a - a +0 robe
 i - a +0 cloak (worn)
 s - a +2 robe of fire resistance (worn)
 t - a +0 pair of gloves (worn)
Jewellery
 h - an amulet of stasis (around neck)
 q - a ring of wizardry (left hand)
 u - an uncursed ring of sustain abilities
 y - a cursed ring of protection from fire (right hand)
Scrolls
 e - 2 scrolls of remove curse {unknown}
 j - a scroll of blinking {unknown}
 m - 4 scrolls of magic mapping
 o - a scroll of random uselessness {unknown}
 p - a scroll of recharging {unknown}
 r - 3 scrolls of identify
 v - a scroll of immolation {unknown}
 x - a scroll of fog {unknown}
Potions
 f - a potion of lignification
 C - a potion of heal wounds {unknown}
Books
 b - a book of Flames

   Spells                             Type                      Level
   a - Flame Tongue                   Conjuration/Fire             1
   b - Throw Flame                    Conjuration/Fire             2
   c - Conjure Flame                  Conjuration/Fire             3
   d - Inner Flame                    Hexes/Fire                   3
   e - Sticky Flame                   Conjuration/Fire             4
   f - Fireball                       Conjuration/Fire             5
Comestibles
 c - a bread ration
 d - 2 royal jellies
 k - a meat ration
 l - 2 beef jerkies
 A - a chunk of flesh
 B - a slice of pizza


   Skills:
 - Level 2.4 Dodging
 * Level 5.9 Stealth
 + Level 6.2 Spellcasting
 - Level 4.3 Conjurations
 - Level 3.2 Fire Magic


You had 4 spell levels left.
You knew the following spells:

 Your Spells              Type           Power        Failure   Level  Hunger
a - Flame Tongue          Conj/Fire      ###..        1%          1    None
b - Throw Flame           Conj/Fire      ###...       1%          2    None
c - Conjure Flame         Conj/Fire      ###.....     3%          3    #......
d - Inner Flame           Hex/Fire       ##......     6%          3    #......
e - Sticky Flame          Conj/Fire      ###.....     9%          4    ###....


Dungeon Overview and Level Annotations

Branches:
Dungeon (4/15)
 Temple: D:4-7

Altars:

Annotations:
D:4 Prince Ribbit


Message History

Casting: Sticky Flame
Confirm with . or Enter, or press ? or * to list all spells.
Aiming: Sticky Flame
Press: ? - help, Shift-Dir - straight line, f/p - Prince Ribbit
Aim: Prince Ribbit
Okay, then.
Unknown command.
Drink which item? (? for menu, Esc to quit)
Okay, then.
Unknown command.
Casting: Sticky Flame
Confirm with . or Enter, or press ? or * to list all spells.
Aiming: Sticky Flame
Press: ? - help, Shift-Dir - straight line, f/p - Prince Ribbit
Aim: Prince Ribbit The sticky flame hits Prince Ribbit.
Prince Ribbit is lightly wounded.
Prince Ribbit is covered in liquid flames!
Prince Ribbit burns!
Prince Ribbit hits you!
You die...

#.# ....
####.##.....
#...........#
#.##.#####..
#.#.....#
#.##.##.#
#.......###
####.#....+
###@#### #F#
#.# #.# #.#
#.. ###


You could see Prince Ribbit (burning).

Vanquished Creatures
  Grinder (D:2)
  Sigmund (D:3)
  Ijyb (D:3)
  Jessica (D:2)
  4 gnolls (D:3)
  4 adders
  2 giant mites (D:1)
  A worm (D:2)
  3 giant geckos
  A ball python (D:1)
  2 giant cockroaches
  13 goblins
  7 hobgoblins
  12 kobolds
  2 quokkas (D:2)
  8 bats
  2 giant newts (D:2)
  5 rats
70 creatures vanquished.

Notes
Turn   | Place    | Note
--------------------------------------------------------------
     0 | D:1      | BluebellGnoll, the Deep Elf Fire Elementalist, began the quest for the Orb.
     0 | D:1      | Reached XP level 1. HP: 10/10 MP: 5/5
   176 | D:1      | Reached skill level 4 in Spellcasting
   176 | D:1      | Reached XP level 2. HP: 15/15 MP: 4/9
   180 | D:1      | Learned a level 2 spell: Throw Flame
   535 | D:1      | Reached skill level 5 in Spellcasting
   535 | D:1      | Reached XP level 3. HP: 19/19 MP: 2/14
   540 | D:1      | Learned a level 3 spell: Conjure Flame
  1082 | D:2      | Learned a level 3 spell: Inner Flame
  1085 | D:2      | Noticed Jessica
  1205 | D:2      | Killed Jessica
  1285 | D:2      | Reached XP level 4. HP: 22/24 MP: 10/17
  1295 | D:2      | Learned a level 4 spell: Sticky Flame
  1803 | D:3      | Noticed Grinder
  1863 | D:2      | Killed Grinder
  1863 | D:2      | Reached skill level 5 in Stealth
  1863 | D:2      | Reached XP level 5. HP: 2/28 MP: 3/19
  1863 | D:2      | Reached XP level 6. HP: 2/32 MP: 3/21
  2285 | D:3      | Noticed Sigmund
  2293 | D:3      | Killed Sigmund
  2751 | D:3      | Noticed Ijyb
  2760 | D:3      | Killed Ijyb
  2760 | D:3      | Reached skill level 6 in Spellcasting
  3277 | D:4      | Noticed Prince Ribbit
  3282 | D:4      | Mangled by Prince Ribbit

Action                   |  1- 3 |  4- 6 || total
-------------------------+-------+-------++-------
Melee: Short sword       |     1 |     5 ||     6
 Cast: Flame Tongue      |    48 |    54 ||   102
       Throw Flame       |    11 |    17 ||    28
       Sticky Flame      |       |     5 ||     5
       Conjure Flame     |       |     5 ||     5
       Inner Flame       |       |     3 ||     3
  Use: Scroll            |       |     4 ||     4
       Potion            |       |     1 ||     1
 Stab: Sleeping          |     1 |     3 ||     4
  Eat: Chunk             |     1 |     7 ||     8
